 Dungeon Crawl Stone Soup version 0.28.0-47-ge53b351184 (webtiles) character file.

Game seed: 1470404485192662323

3213 warriortoast the Thaumaturge (level 9, 0/50 HPs)
             Began as a Deep Elf Fire Elementalist on Apr 26, 2022.
             Was an Initiate of Sif Muna.
             Slain by an orc knight
             ... wielding a +0 halberd
              (9 damage)
             ... in a bailey.
             The game lasted 00:30:28 (8999 turns).

warriortoast the Thaumaturge (DEFE)                 Turns: 8999, Time: 00:30:29

Health: 0/50       AC:  5    Str:  5    XL:     9   Next: 65%
Magic:  8/24       EV: 14    Int: 25    God:    Sif Muna [......]
Gold:   305        SH:  0    Dex: 15    Spells: 8/26 levels left

rFire   . . .      SeeInvis .   i - +6 halberd (flame)
rCold   . . .      Faith    .   (shield currently unavailable)
rNeg    . . .      Spirit   .   a - +0 robe
rPois   .          Reflect  .   h - +0 helmet
rElec   .          Harm     .   n - +0 cloak
rCorr   .          Rampage  .   (no gloves)
Will    .....                   r - +0 pair of boots
Stlth   ++........              (no amulet)
HPRegen 0.16/turn               (no ring)
MPRegen 0.19/turn               (no ring)

@: no status effects
A: no striking features
a: Renounce Religion


You were in a bailey.
You worshipped Sif Muna.
Sif Muna was noncommittal.
You visited 2 branches of the dungeon, and saw 8 of its levels.
You also visited: Bailey.

You collected 305 gold pieces.

Inventory:

Hand Weapons
 g - the +10 dark maul {vorpal}
   (You found it on level 2 of the Dungeon)

   It inflicts extra damage upon your enemies.
 i - a +6 halberd of flaming (weapon)
 m - a +3 quarterstaff of chaos
 t - a +3 spear
Armour
 a - a +0 robe (worn)
 h - a +0 helmet (worn)
 n - a +0 cloak (worn)
 p - a +1 ring mail of willpower
 r - a +0 pair of boots (worn)
Jewellery
 d - a ring of protection from cold
 x - a +4 ring of evasion
Wands
 u - a wand of digging (6)
 B - a wand of iceblast (6)
Scrolls
 c - a scroll of amnesia
 f - a scroll of vulnerability
 j - 2 scrolls of blinking
 o - 3 scrolls of enchant weapon
 v - 2 scrolls of fog
Potions
 b - a potion of haste
 e - 2 potions of might
 k - 2 potions of resistance
 l - a potion of brilliance
 q - a potion of ambrosia
 s - 2 potions of heal wounds
 w - 3 potions of invisibility
 z - 2 potions of curing
 A - a potion of flight {unknown}


   Skills:
 + Level 3.0 Fighting
 + Level 5.3 Dodging
 - Level 2.4 Stealth
 - Level 9.3 Spellcasting
 - Level 7.4 Conjurations
 - Level 8.2 Fire Magic
 + Level 4.1 Evocations


You had 8 spell levels left.
You knew the following spells:

 Your Spells              Type           Power      Damage    Failure   Level
a - Foxfire               Conj/Fire      100%       2x1d9     1%          1
b - Scorch                Fire           100%       2d10      1%          2
c - Conjure Flame         Conj/Fire      50%        6-21      1%          3
d - Inner Flame           Hex/Fire       32%        N/A       3%          3
e - Flame Wave            Conj/Fire      50%        2d10      1%          4
f - Stone Arrow           Conj/Erth      60%        3d10      3%          3
g - Blink                 Tloc           22%        N/A       8%          2

Your spell library contained the following spells:

 Spells                   Type           Power      Damage    Failure   Level
 Sandblast                Erth           22%        2d7       5%          1
 Corpse Rot               Necr/Air       22%        N/A       8%          2
 Passwall                 Tmut/Erth      9%         N/A       8%          2
 Poisonous Vapours        Pois/Air       22%        N/A       8%          2
 Sublimation of Blood     Necr           11%        N/A       8%          2
 Wereblood                Tmut           11%        N/A       8%          2
 Lesser Beckoning         Tloc           11%        N/A       16%         3
 Manifold Assault         Tloc           11%        N/A       82%         5
 Summon Hydra             Summ           5%         N/A       100%        7


Dungeon Overview and Level Annotations

Branches:
Dungeon (7/15)             Temple (1/1) D:6          Bailey (1/1)

Altars:
Ashenzari
Cheibriados
Dithmenos
Elyvilon
Fedhas
Gozag
Hepliaklqana
Kikubaaqudgha
Makhleb
Nemelex Xobeh
Okawaru
Qazlal
Ru
Sif Muna
Trog
Uskayaw
Vehumet
Wu Jian
Xom
Yredelemnul
Zin
The Shining One

Shops:
D:6 *


Message History

Confirm with . or Enter, or press ? or * to list all spells.
The fire begins to smoulder!
The foxfire hits the orc knight!
The orc knight is lightly wounded.
Your foxfire dissipates!
The fire ignites!
There is an open door here.
Casting: Conjure Flame (safe; 1% risk of failure)
Confirm with . or Enter, or press ? or * to list all spells.
Flames lash the orc knight.
The orc knight is lightly wounded.
The orc knight's fire resistance burns away.
Casting: Scorch (safe; 1% risk of failure)
Confirm with . or Enter, or press ? or * to list all spells.
Flames lash the orc knight.
The orc knight is burned terribly!
The orc knight is lightly wounded.
The orc knight is engulfed in blazing flames.
There is an open door here.
Casting: Scorch (safe; 1% risk of failure)
Confirm with . or Enter, or press ? or * to list all spells.
Flames lash the orc knight.
The orc knight is burned terribly!
The orc knight is severely wounded.
The orc knight hits you from afar with a +0 halberd!
Casting: Scorch (safe; 1% risk of failure)
Confirm with . or Enter, or press ? or * to list all spells.
Flames lash the orc knight.
The orc knight is burned terribly!
The orc knight is severely wounded.
The orc knight hits you from afar with a +0 halberd!
Casting: Scorch (safe; 1% risk of failure)
Confirm with . or Enter, or press ? or * to list all spells.
Flames lash the orc knight.
The orc knight is burned terribly!
The orc knight is almost dead.
The orc knight hits you from afar with a +0 halberd!!
* * * LOW HITPOINT WARNING * * *
Casting: Scorch (safe; 1% risk of failure)
Confirm with . or Enter, or press ? or * to list all spells.
Flames lash the gnoll.
The gnoll is heavily wounded.
The gnoll's fire resistance burns away.
The orc knight hits you from afar with a +0 halberd!
You die...

##### ### ##
#.go###.# #.#
#g###'##'##'#
g!# ##@....#
!.!.
###.....###
+!.⌠.
#.'..⌠..')#
#.!.!
###.....###
#!.! #....)##
+##+ +#
#'##'##)##
#.#.# #.###)#
## ### ###
### #)# #)#
#)# #.#)#
#)###.#


You could see an orc knight (combustible) and a gnoll (combustible).

Vanquished Creatures
  The ghost of 0gre the Chiller, a novice GnIE (D:5)
  3 water moccasins
  3 black bears
  An orc warrior (D:6)
  3 sky beasts
  An ice beast (D:7)
  An ogre (D:5)
  A centaur (D:6)
  2 necrophages
  Blork the orc (D:6)
  A bullfrog (D:7)
  3 scorpions
  5 wights (D:6)
  A howler monkey (D:5)
  2 bullfrog zombies (D:5)
  5 orc priests
  A jelly (D:4)
  4 hounds
  A centaur skeleton (D:6)
  A bullfrog skeleton (D:6)
  Crazy Yiuf (D:3)
  3 orc wizards
  11 gnolls
  13 adders
  A white imp (D:7)
  An ufetubus (D:6)
  2 adder skeletons
  An adder zombie (D:5)
  5 worms
  A dart slug (D:4)
  30 orcs
  9 ball pythons
  8 endoplasms
  12 goblins
  3 hobgoblins
  3 jackals (D:5)
  4 quokkas
  4 bats
  2 frilled lizards
  8 kobolds
  3 rats
166 creatures vanquished.

Vanquished Creatures (collateral kills)
  2 foxfires (D:6)
2 creatures vanquished.

Vanquished Creatures (others)
  538 foxfires
538 creatures vanquished.

Grand Total: 706 creatures vanquished

Notes
Turn   | Place    | Note
-------+----------+-------------------------------------------
     0 | D:1      | warriortoast the Deep Elf Fire Elementalist began the quest
                  | for the Orb.
     0 | D:1      | Reached XP level 1. HP: 10/10 MP: 6/6
   292 | D:1      | Noticed a floating eye
   353 | D:1      | Found a faded altar of an unknown god.
   355 | D:1      | Noticed a golden eye
   355 | D:1      | Noticed a shining eye
   355 | D:1      | Noticed a great orb of eyes
   384 | D:1      | Reached XP level 2. HP: 15/15 MP: 4/8
  1034 | D:2      | Reached XP level 3. HP: 19/19 MP: 1/10
  1037 | D:2      | Learned a level 2 spell: Scorch
  1041 | D:2      | Learned a level 3 spell: Conjure Flame
  1179 | D:2      | Found the +10 dark maul {vorpal}
  1274 | D:2      | Reached skill level 4 in Spellcasting
  1511 | D:2      | Reached XP level 4. HP: 11/24 MP: 3/12
  1674 | D:2      | Learned a level 3 spell: Inner Flame
  2279 | D:3      | Reached XP level 5. HP: 28/28 MP: 5/14
  2627 | D:3      | Found a runed translucent door.
  2628 | D:3      | Noticed Crazy Yiuf
  2633 | D:3      | Killed Crazy Yiuf
  2709 | D:3      | Found a white marble altar of Elyvilon.
  2781 | D:3      | Noticed a sky beast
  2828 | D:3      | Killed a sky beast
  2829 | D:3      | Reached skill level 5 in Spellcasting
  2829 | D:3      | Reached skill level 5 in Fire Magic
  2980 | D:3      | Reached XP level 6. HP: 32/32 MP: 12/16
  3475 | D:4      | Learned a level 4 spell: Flame Wave
  3479 | D:4      | Learned a level 3 spell: Stone Arrow
  3862 | D:4      | Reached skill level 6 in Spellcasting
  3936 | D:4      | Reached XP level 7. HP: 36/36 MP: 0/18
  4281 | D:4      | You fall into a shaft and drop 2 floors!
  4305 | D:6      | Reached skill level 5 in Conjurations
  4657 | D:5      | Entered Level 5 of the Dungeon
  4723 | D:5      | Reached skill level 7 in Spellcasting
  5101 | D:5      | Reached XP level 8. HP: 41/41 MP: 5/21
  5530 | D:4      | Reached skill level 8 in Spellcasting
  6513 | D:5      | Found a runed translucent gate.
  6513 | D:5      | Found a runed translucent gate.
  6513 | D:5      | Noticed 0gre's ghost (novice GnIE)
  6514 | D:5      | Found a runed translucent gate.
  6624 | D:5      | HP: 2/41 [frozen (11)]
  6625 | D:5      | Killed 0gre's ghost
  6626 | D:5      | Reached skill level 9 in Spellcasting
  6626 | D:5      | Reached XP level 9. HP: 3/45 MP: 9/24
  6969 | D:6      | Reached skill level 1 in Evocations
  7030 | D:6      | Reached skill level 1 in Fighting
  7177 | D:6      | Noticed Blork the orc
  7184 | D:6      | Killed Blork the orc
  7416 | D:6      | Found a staircase to the Ecumenical Temple.
  7423 | Temple   | Entered the Ecumenical Temple
  7646 | Temple   | Became a worshipper of Sif Muna the Loreminder
  7694 | D:6      | Found Qatuuse's General Store.
  8200 | D:7      | Learned a level 2 spell: Blink
  8476 | D:7      | Reached skill level 5 in Dodging
  8508 | D:7      | Found a flagged portal.
  8519 | Bailey   | Entered a bailey
  8987 | Bailey   | Noticed an orc knight
  8999 | Bailey   | Slain by an orc knight

Illustrated notes

Levels and vault maps discovered:
D:1:      nzn_arrival_crosshair, layout_basic,
          hellmonk_ecumenical_altar_watching_god
D:2:      layout_rooms
D:3:      layout_basic, mainiacjoe_overflow_alcove_4, uniq_crazy_yiuf_cottage
D:4:      minmay_octagon_keep, layout_loops_ring, supply_closet_lemuel
D:5:      layout_loops_ring, ebering_ghost_rock_garden
D:6:      layout_rooms, minmay_temple_entry_proselytizer, serial_shops,
          nicolae_shop_trees, serial_park_tiny_2, uniq_blork_the_orc
D:7:      layout_loops_ring, enter_bailey_3, kennysheep_big_empty_room,
          uniq_prince_ribbit1
Temple:   mainiacjoe_temple_archimedes_tessellation
Bailey:   bailey_polearm_nasty_gnolls, bailey

Skill      XL: |  1  2  3  4  5  6  7  8  9 |
---------------+----------------------------+-----
Conjurations   | 2 3 4 6 7 |  7.4
Spellcasting   | 4 5 6 7 9 |  9.3
Fire Magic     | 4 5 6 8 |  8.2
Dodging        | 5 |  5.3
Evocations     | 4 |  4.1
Fighting       | 3 |  3.0
Stealth        | |  2.4

Action                   |  1- 3 |  4- 6 |  7- 9 || total
-------------------------+-------+-------+-------++-------
Melee: Spear             |       |     3 |       ||     3
 Cast: Foxfire           |    63 |   122 |   172 ||   357
       Scorch            |     2 |    15 |   105 ||   122
       Conjure Flame     |       |     3 |    13 ||    16
  Use: Scroll            |       |       |    17 ||    17
Armor: Robe              |       |     2 |     7 ||     9
Dodge: Dodged            |    11 |     4 |    33 ||    48
